Selects Australian Defense Battlegroup
Selects Australian Light Infantry Section
Australian Light Infantry Section
Australian Light Infantry Section
Construct Section Command Post
Construct Platoon Command Post
Selects 2-pounder Anti-tank Gun Team
2-pounder Anti-tank Gun Team
Selects Vehicle Over Repair
Construct Company Command Post
Selects CMP 15cwt Supply Run
Selects Reinforced Resource Caches
Unlock Bishop Self-propelled Artillery
Selects Charged Creeping Barrage
Bishop Self-propelled Artillery
Unlock Towed 17-pounder Anti-tank Guns
17-pounder Anti-tank Gun Team